 Dungeon Sprint DCSS version 0.30.1-4-g462c640d31 (webtiles) character file.

Game seed: 263867089843680467

13162 Heoruswealwe the Ninja (level 11, -7/60 (62) HPs)
             Began as a Spriggan Artificer on Sept 1, 2023.
             Was an Initiate of Gozag.
             Mangled by a golden dragon (15 damage)
             ... in the Dungeon (Sprint I: "Red Sonja").
             The game lasted 00:33:33 (2034 turns).

Heoruswealwe the Ninja (Spriggan Artificer)         Turns: 2034, Time: 00:33:34

HP:   -7/60 (62)    AC: 10    Str: 10    XL:     11   Next: 72%
MP:   12/12         EV: 20    Int: 13    God:    Gozag
Gold: 2823          SH:  0    Dex: 20    Spells: 10/10 levels left

rFire   + + .        a - +7 quick blade (freeze)
rCold   x . .        (no shield)
rNeg    . . .        m - +0 fire dragon scales of the Shore {Fly rF++ rC- Will- Str+2}
rPois   .            g - +2 hat
rElec   .            (no cloak)
rCorr   .            (gloves unavailable)
SInv    +            (boots unavailable)
Will    +....        (no amulet)
Stlth   ++++++++     k - ring of willpower
HPRegen 0.30/turn    (no ring)
MPRegen 0.13/turn

%: no teleportation
@: mighty, flying, hasted, lightly drained, very quick
A: very small, no large weapons, unfitting armour, see invisible, speed 3
a: Renounce Religion, Potion Petition, Call Merchant, Bribe Branch


You were in the Dungeon.
You worshipped Gozag.
Gozag was most pleased with you.
You visited 1 branch You collected 5924 gold pieces.
You spent 3071 gold pieces at shops.
You donated 30 gold pieces to Zin.

Inventory:

Hand Weapons
 a - a +7 quick blade of freezing (weapon)
 b - the +10 dagger of Quick Courage {flame, Int+2}
   (You bought it in a shop in the Dungeon)

   Int:       It affects your intelligence (+2).
Armour
 c - a +1 robe of willpower
 g - a +2 hat (worn)
 m - the +0 fire dragon scales of the Shore (worn) {Fly rF++ rC- Will- Str+2}
   (You bought it in a shop in the Dungeon)

   Str:       It affects your strength (+2).
   rF:        It greatly protects you from fire.
   rC:        It makes you vulnerable to cold.
   Fly:       It grants you flight.
   Will:      It decreases your willpower.
Jewellery
 k - a ring of willpower (left hand)
Wands
 d - a wand of charming (15)
 l - a wand of polymorph (10)
 r - a wand of flame (9) (quivered)
Scrolls
 j - a scroll of identify
 v - 2 scrolls of enchant armour
Potions
 f - a potion of curing
 i - a potion of ambrosia
 o - 2 potions of flight
 p - 3 potions of mutation
 w - 2 potions of might
Miscellaneous
 n - a phial of floods


   Skills:
 + Level 9.4 Fighting
 + Level 12.0 Short Blades
 + Level 14.5 Dodging
 O Level 27 Stealth
 * Level 18.4 Evocations


You had 10 spell levels left.
You didn't know any spells.
Your spell library contained the following spells:

 Spells                   Type           Power      Damage    Failure   Level
 Freeze                   Ice            0%         1d3       98%         1
 Frozen Ramparts          Ice            0%         1d1       100%        3
 Hailstorm                Conj/Ice       0%         3d3       100%        3


Dungeon Overview and Level Annotations

Branches:
Dungeon (1/1)

Altars:
Cheibriados
Dithmenos
Elyvilon
Fedhas
Gozag
Hepliaklqana
Kikubaaqudgha
Makhleb
Nemelex Xobeh
Okawaru
Qazlal
Ru
Sif Muna
Trog
Uskayaw
Vehumet
Wu Jian
Xom
Yredelemnul
Zin
The Shining One
Jiyva
Lugonu

Shops:
D :(*((*[:?:*?==*[?([[=


Innate Abilities, Weirdness & Mutations

You are very small and have problems with some larger weapons.
You are too small for most types of armour.
You have supernaturally acute eyesight. (SInv)
You cover ground extremely quickly. (Speed+++)


Message History

The golden dragon claws you but does no damage.
The golden dragon closely misses you.
You hit the golden dragon but do no damage.
The golden dragon is lightly wounded.
You hit the golden dragon. You freeze the golden dragon.
The golden dragon is moderately wounded.
You hit the golden dragon but do no damage.
The golden dragon is moderately wounded.
The golden dragon breathes fire at you. The bolt of fire hits you! You resist.
* * * LOW HITPOINT WARNING * * *
You feel better. The golden dragon closely misses you.
The golden dragon claws you.
* * * LOW HITPOINT WARNING * * *
The golden dragon tramples you.
* * * LOW HITPOINT WARNING * * *
You hold your ground!
You feel yourself speed up. The golden dragon barely misses you. x2
The golden dragon completely misses you.
You feel very mighty all of a sudden.
You hit the golden dragon. You freeze the golden dragon.
The golden dragon is moderately wounded.
You puncture the golden dragon!
The golden dragon is moderately wounded.
The golden dragon completely misses you.
The golden dragon claws you but does no damage.
The golden dragon barely misses you.
You hit the golden dragon. You freeze the golden dragon.
The golden dragon is heavily wounded.
You hit the golden dragon but do no damage.
The golden dragon is heavily wounded.
You puncture the golden dragon! You freeze the golden dragon.
The golden dragon is heavily wounded.
You puncture the golden dragon! You freeze the golden dragon.
The golden dragon is severely wounded.
The golden dragon barely misses you.
The golden dragon completely misses you.
The golden dragon tramples you!
You die...
Your body crumbles into a pile of gold.

##################**********
.....§+..#§.+§§§§#,,,$$$$$$*
§.§§§##..'§§#§§§§##,,$$$$$$*
#§§.#######+#§§[§§#****$$$$*
###+#,,,**,,#§§§§§#$$$*$$$$*
*,*,**$$$*,,##.§.§#,∩,*$$$$*
***,,***$*,,~###+##$$$*$$$$*
$$**,*,*$*,,~,,#@####+#$$$$*
,,*,,***$*,,~,##D#§§§§##$$$*
+**,**,,$*,,~##.D§§§§§§##$$*
***,,*+***,,~#..§.§.§§§.#$$*
$***,,,*,~,,##..§§§§.§§.##$*
$*$***,*,~,,#...§..§.....#,*
$$$$$*,***,,#....§)§.....#$*
$$$$$*,*,+,,##..§.§.....##$*
$$****+*,**'*#$$$$$$$$$$#$$*


You could see a shadow dragon and a golden dragon.

Vanquished Creatures
  A hydra (D)
  2 centaur warriors (D)
  Sonja (D)
  A deep troll (D)
  A lindwurm (D)
  An oklob plant (D)
  8 shining eyes (D)
  4 demonic crawlers (D)
  2 kobold demonologists (D)
  2 unseen horrors (D)
  A hornet (D)
  A slime creature (D)
  Sigmund (D)
  A yak (D)
  2 redbacks (D)
  13 hogs (D)
  7 floating eyes (D)
  An ogre (D)
  7 necrophages (D)
  8 jellies (D)
  Ijyb (D)
  2 ballistomycete spores (D)
68 creatures vanquished.

Notes
Turn   | Place    | Note
-------+----------+-------------------------------------------
     0 | D        | Heoruswealwe the Spriggan Artificer began the quest for the
                  | Orb.
     0 | D        | Reached XP level 1. HP: 9/9 MP: 2/2
     1 | D        | Noticed Ijyb
     8 | D        | Killed Ijyb
     9 | D        | Reached skill level 8 in Stealth
     9 | D        | Reached XP level 2. HP: 4/14 MP: 3/3
    56 | D        | Noticed an ogre
    59 | D        | Killed an ogre
    60 | D        | Reached skill level 13 in Stealth
    60 | D        | Reached XP level 3. HP: 17/17 MP: 4/4
    60 | D        | Reached XP level 4. HP: 21/21 MP: 5/5
    68 | D        | Noticed Sigmund
    72 | D        | Killed Sigmund
    73 | D        | Reached skill level 18 in Stealth
    73 | D        | Reached XP level 5. HP: 25/25 MP: 6/6
    88 | D        | Found an ornate altar of the Wu Jian Council.
    88 | D        | Found a shimmering blue altar of Sif Muna.
    90 | D        | Found a radiant altar of Vehumet.
   104 | D        | Reached skill level 19 in Stealth
   104 | D        | Reached XP level 6. HP: 29/29 MP: 7/7
   137 | D        | Found Bumot's Antique Weapon Emporium.
   137 | D        | Found an ancient bone altar of Kikubaaqudgha.
   137 | D        | Found a hazy altar of Hepliaklqana.
   137 | D        | Found a stormy altar of Qazlal.
   137 | D        | Found a hide-covered altar of Uskayaw.
   137 | D        | Found a blossoming altar of Fedhas.
   137 | D        | Found a bloodstained altar of Trog.
   137 | D        | Found an iron altar of Okawaru.
   137 | D        | Found a basalt altar of Yredelemnul.
   137 | D        | Found a glowing golden altar of the Shining One.
   137 | D        | Found a snail-covered altar of Cheibriados.
   137 | D        | Found a sacrificial altar of Ru.
   137 | D        | Found a glowing silver altar of Zin.
   137 | D        | Found a shadowy altar of Dithmenos.
   137 | D        | Found a white marble altar of Elyvilon.
   137 | D        | Noticed a yak
   138 | D        | Found an opulent altar of Gozag.
   139 | D        | Killed a yak
   140 | D        | Reached skill level 21 in Stealth
   140 | D        | Found a sparkling altar of Nemelex Xobeh.
   145 | D        | Became a worshipper of Zin the Law-Giver
   145 | D        | Reached * piety under Zin
   145 | D        | Reached ** piety under Zin
   145 | D        | Reached *** piety under Zin
   145 | D        | Reached **** piety under Zin
   145 | D        | Reached ***** piety under Zin
   145 | D        | Reached ****** piety under Zin
   154 | D        | Noticed Sonja
   158 | D        | Killed Sonja
   159 | D        | Reached skill level 24 in Stealth
   159 | D        | Reached XP level 7. HP: 32/32 MP: 8/8
   175 | D        | Found Egutiyff's Book Boutique.
   185 | D        | Noticed a shining eye
   185 | D        | Noticed a shining eye
   185 | D        | Noticed a shining eye
   185 | D        | Noticed a shining eye
   185 | D        | Noticed a shining eye
   185 | D        | Noticed a shining eye
   187 | D        | Noticed a shining eye
   187 | D        | Noticed a shining eye
   190 | D        | Reached skill level 25 in Stealth
   190 | D        | Reached XP level 8. HP: 37/37 MP: 9/9
   192 | D        | Paralysed by a floating eye for 3 turns
   198 | D        | Killed a shining eye
   198 | D        | Paralysed by a floating eye for 3 turns
   199 | D        | Reached skill level 5 in Dodging
   199 | D        | Reached skill level 26 in Stealth
   199 | D        | Reached skill level 5 in Evocations
   209 | D        | Killed a shining eye
   215 | D        | Paralysed by a floating eye for 2 turns
   220 | D        | Reached XP level 9. HP: 44/44 MP: 10/10
   261 | D        | Killed a shining eye
   262 | D        | Reached skill level 5 in Short Blades
   292 | D        | Killed a shining eye
   316 | D        | Killed a shining eye
   317 | D        | Reached skill level 5 in Fighting
   317 | D        | Reached skill level 27 in Stealth
   352 | D        | Killed a shining eye
   353 | D        | Reached skill level 10 in Evocations
   382 | D        | Killed a shining eye
   383 | D        | Reached XP level 10. HP: 53/53 MP: 11/11
   422 | D        | Killed a shining eye
   423 | D        | Reached skill level 10 in Dodging
   444 | D        | Fell from the grace of Zin
   444 | D        | Became a worshipper of Gozag Ym Sagoz the Greedy
   456 | D        | Noticed a deep troll
   460 | D        | Killed a deep troll
   471 | D        | Found Alidar's Armour Emporium.
   607 | D        | Found Baycvyos's Antique Weapon Shoppe.
   607 | D        | Found Jumefo's Antique Weapon Shop.
   607 | D        | Found Fetooppu's Assorted Antiques.
   607 | D        | Found Ziratt's General Store.
   614 | D        | Bought a glowing robe for 103 gold pieces
   614 | D        | Bought 2 red potions for 50 gold pieces
   614 | D        | Bought a silvery potion for 25 gold pieces
   614 | D        | Bought a runed moonstone ring for 140 gold pieces
   621 | D        | Bought a scroll of acquirement for 520 gold pieces
   648 | D        | Found a burning altar of Makhleb.
   648 | D        | Found a viscous altar of Jiyva.
   648 | D        | Found a shimmering altar of Xom.
   648 | D        | Found a corrupted altar of Lugonu.
   709 | D        | Noticed a centaur warrior
   709 | D        | Noticed a centaur warrior
   711 | D        | Killed a centaur warrior
   715 | D        | Killed a centaur warrior
   825 | D        | Noticed an oklob plant
   827 | D        | Killed an oklob plant
   866 | D        | Bought a masterwork dagger for 175 gold pieces
   866 | D        | Identified the +10 dagger of Quick Courage {flame, Int+2}
                  | (You bought it in a shop in the Dungeon)
   935 | D        | Reached skill level 10 in Short Blades
   935 | D        | Reached skill level 15 in Evocations
   940 | D        | Reached XP level 11. HP: 60/60 MP: 12/12
  1161 | D        | Found Anuczas's Book Shoppe.
  1162 | D        | Found Zyhurghe's Armour Shop.
  1162 | D        | Found Liann's Magic Scroll Boutique.
  1230 | D        | Found Avvinats's Antique Weapon Boutique.
  1230 | D        | Found Uthrejost's Jewellery Emporium.
  1230 | D        | Found Nerhum Fugh's Armour Emporium.
  1232 | D        | Found Tuxuq's Magic Scroll Boutique.
  1232 | D        | Found Zeesot's Antique Armour Shoppe.
  1232 | D        | Found Jiberch's Assorted Antiques.
  1232 | D        | Found Visoemee's Jewellery Emporium.
  1232 | D        | Found Xuexasil's Jewellery Boutique.
  1232 | D        | Found Ficibuhu's Magic Scroll Shoppe.
  1232 | D        | Found Niwieh's Assorted Antiques.
  1236 | D        | Found Courchint's Book Emporium.
  1239 | D        | Bought a scroll labelled GUUFOCRUE HOGI for 27 gold pieces
  1239 | D        | Bought a scroll labelled JUES FOAPSYNK for 27 gold pieces
  1239 | D        | Bought 2 silvery potions for 48 gold pieces
  1243 | D        | Bought a bubbling blue potion for 24 gold pieces
  1243 | D        | Bought a scroll labelled VEGIRPH DOGUC for 27 gold pieces
  1243 | D        | Bought a scroll labelled LUSIFFAENO for 27 gold pieces
  1243 | D        | Bought a scroll labelled JUES FOAPSYNK for 27 gold pieces
  1245 | D        | Bought a scroll of acquirement for 624 gold pieces
  1252 | D        | Acquired a +6 quick blade of protection
  1253 | D        | Acquired a +2 hat
  1268 | D        | Bought a scroll of identify for 20 gold pieces
  1268 | D        | Bought a scroll of identify for 20 gold pieces
  1268 | D        | Bought a scroll of identify for 20 gold pieces
  1268 | D        | Bought a scroll of identify for 20 gold pieces
  1300 | D        | Bought a scroll of identify for 24 gold pieces
  1300 | D        | Bought a scroll of identify for 24 gold pieces
  1300 | D        | Bought a scroll of identify for 24 gold pieces
  1316 | D        | Bought a scroll of brand weapon for 114 gold pieces
  1316 | D        | Bought a scroll of enchant armour for 90 gold pieces
  1316 | D        | Bought a scroll of magic mapping for 90 gold pieces
  1316 | D        | Bought a scroll of enchant weapon for 90 gold pieces
  1377 | D        | Bought the +0 fire dragon scales of the Shore {Fly rF++ rC-
                  | Will- Str+2} for 691 gold pieces
  1634 | D        | Noticed a lindwurm
  1636 | D        | Killed a lindwurm
  1757 | D        | Noticed a 12-headed hydra
  1774 | D        | Killed a 12-headed hydra
  1994 | D        | Noticed a shadow dragon
  1994 | D        | Noticed a golden dragon
  2034 | D        | Mangled by a golden dragon

Illustrated notes

Levels and vault maps discovered:
D:        dungeon_sprint_1 [red_sonja_temple_1, red_sonja_temple_small_1]

Skill      XL: |  1  2  3  4  5  6  7  8  9 10 11 |
---------------+----------------------------------+-----
Stealth        | 8 13 18 19 24 25 26 27 | 27.0
Fighting       | 3 5 7 9 |  9.4
Short Blades   | 4 7 10 12 | 12.0
Dodging        | 6 9 12 14 | 14.5
Evocations     | 6 10 15 18 | 18.4

Action                     |  1- 3 |  4- 6 |  7- 9 | 10-12 || total
---------------------------+-------+-------+-------+-------++-------
  Melee: Unarmed           |     5 |       |       |       ||     5
         Dagger            |     1 |     2 |   147 |    93 ||   243
         Punch             |       |       |     3 |     2 ||     5
         Quick blade       |       |       |       |    98 ||    98
  Evoke: Wand              |     1 |     5 |       |    24 ||    30
    Use: Scroll            |       |       |       |    16 ||    16
         Potion            |       |       |       |     7 ||     7
   Stab: Sleeping          |     1 |     2 |     4 |    20 ||    27
         Distracted        |       |       |       |     6 ||     6
 Armour: Skin              |     1 |       |       |       ||     1
         Robe              |       |       |       |     7 ||     7
         Fire dragon scale |       |       |       |    27 ||    27
  Dodge: Dodged            |     3 |       |       |    98 ||   101
